 Dungeon Crawl Stone Soup version 0.21.1-1-g345015f (webtiles) character file.

10217 pk666 the Thaumaturge (level 11, -4/54 HPs)
             Began as a Deep Elf Wizard on Feb 12, 2018.
             Was a Follower of Vehumet.
             Slain by a five-headed hydra (10 damage)
             ... on level 1 of the Lair of Beasts on Feb 13, 2018.
             The game lasted 00:58:06 (16325 turns).

pk666 the Thaumaturge (Deep Elf Wizard)            Turns: 16325, Time: 00:58:08

Health: -4/54      AC:  6    Str:  4    XL:     11   Next: 33%
Magic:  19/38      EV: 18    Int: 27    God:    Vehumet [*.....]
Gold:   547        SH:  0    Dex: 13    Spells: 19/34 levels left

rFire    . . .     SeeInvis +   z - +2 dagger (venom)
rCold    . . .     Gourm    .   (no shield)
rNeg     . . .     Faith    .   a - +0 robe
rPois    .         Spirit   .   b - +0 hat
rElec    .         Reflect  .   v - +2 cloak
rCorr    .         Harm     .   A - +0 pair of gloves
MR       +....                  (no boots)
Stlth    ++........             (no amulet)
HPRegen  0.18/turn              m - ring of magical power
MPRegen  0.26/turn              C - ring of see invisible

@: no status effects
A: no striking features
a: Renounce Religion


You were on level 1 of the Lair of Beasts.
You worshipped Vehumet.
Vehumet was aware of your devotion.
You were hungry.

You visited 3 branches of the dungeon, and saw 12 of its levels.

You collected 547 gold pieces.

Inventory:

Hand Weapons
 z - a +2 dagger of venom (weapon)
 B - a +2 dagger of speed
Armour
 a - a +0 robe (worn)
 b - a +0 hat (worn)
 v - a +2 cloak (worn)
 A - a +0 pair of gloves (worn)
Jewellery
 m - a ring of magical power (left hand)
 C - a ring of see invisible (right hand)
 D - an uncursed ring of flight
Wands
 h - a wand of disintegration (17)
 p - a wand of random effects (33)
 y - a wand of acid (19)
Scrolls
 e - 4 scrolls of enchant armour
 f - 5 scrolls of magic mapping
 g - a scroll of amnesia {unknown}
 i - 5 scrolls of teleportation
 j - a scroll of random uselessness {unknown}
 k - a scroll of fog {unknown}
 l - 5 scrolls of identify
 s - 7 scrolls of remove curse
 w - 2 scrolls of blinking {unknown}
 x - a scroll of immolation {unknown}
 J - a scroll of noise {unknown}
Potions
 n - a potion of might {unknown}
 o - a potion of cancellation
 q - 2 potions of flight
 r - a potion of agility {unknown}
 t - a potion of curing
 E - a potion of heal wounds {unknown}
 G - 2 potions of haste
 H - 3 potions of degeneration {unknown}
Books
 c - a book of Minor Magic

   Spells                             Type                      Level
   a - Magic Dart                     Conjuration                  1
   b - Blink                          Translocation                2
   c - Call Imp                       Summoning                    2
   d - Slow                           Hexes                        2
   e - Conjure Flame                  Conjuration/Fire             3
   f - Mephitic Cloud                 Conjuration/Poison/Air       3
 u - a book of Minor Magic

   Spells                             Type                      Level
   a - Magic Dart                     Conjuration                  1
   b - Blink                          Translocation                2
   c - Call Imp                       Summoning                    2
   d - Slow                           Hexes                        2
   e - Conjure Flame                  Conjuration/Fire             3
   f - Mephitic Cloud                 Conjuration/Poison/Air       3
 F - a book of Frost

   Spells                             Type                      Level
   a - Freeze                         Ice                          1
   b - Throw Frost                    Conjuration/Ice              2
   c - Ozocubu's Armour               Charms/Ice                   3
   d - Throw Icicle                   Conjuration/Ice              4
   e - Summon Ice Beast               Ice/Summoning                4
Comestibles
 d - 23 rations


   Skills:
 * Level 9.8 Dodging
 - Level 2.4 Stealth
 + Level 12.1 Spellcasting
 + Level 9.7 Conjurations
   Level 1.1 Summonings
 - Level 3.3 Translocations
 + Level 9.6 Fire Magic
 - Level 2.1 Air Magic
 - Level 3.0 Poison Magic


You had 19 spell levels left.
You knew the following spells:

 Your Spells              Type           Power        Failure   Level  Hunger
a - Magic Dart            Conj           ####         1%          1    None
b - Blink                 Tloc           N/A          1%          2    None
c - Throw Icicle          Conj/Ice       #####...     4%          4    None
d - Conjure Flame         Conj/Fire      ######..     1%          3    None
e - Slow                  Hex            ###.....     5%          2    None
z - Mephitic Cloud        Conj/Pois/Air  #####...     1%          3    None


Dungeon Overview and Level Annotations

Branches:
Dungeon (10/15)            Temple (1/1) D:6            Lair (1/6) D:10
    Orc (0/2) D:10

Altars:
Ashenzari
Cheibriados
Dithmenos
Elyvilon
Fedhas
Gozag
Hepliaklqana
Kikubaaqudgha
Makhleb
Nemelex Xobeh
Okawaru
Qazlal
Ru
Sif Muna
Trog
Vehumet
Wu Jian
Xom
Yredelemnul
Zin
The Shining One

Shops:
D:6 :

Annotations:
D:7 exclusion: downstairs
D:9 exclusion: downstairs
D:10 exclusion: door


Message History

Press: ? - help, Shift-Dir - straight line, f/p - five-headed hydra
Aim: a five-headed hydra (flame, moderately wounded)
The shard of ice hits the five-headed hydra.
The five-headed hydra is moderately wounded.
The komodo dragon hisses angrily.
The five-headed hydra is engulfed in blazing flames.
The five-headed hydra bites you! x2; The five-headed hydra bites you. x2
The five-headed hydra bites you!
Casting: Throw Icicle
Confirm with . or Enter, or press ? or * to list all spells.
Aiming: Throw Icicle
Press: ? - help, Shift-Dir - straight line, f/p - five-headed hydra
Aim: a five-headed hydra (flame, heavily wounded)
The shard of ice hits the five-headed hydra.
The five-headed hydra is severely wounded.
The five-headed hydra is engulfed in blazing flames.
The five-headed hydra bites you!
* * * LOW HITPOINT WARNING * * *
The five-headed hydra bites you!
You die...

##.
#...?...................
.......#...........###P...
#..#.###l...........#
###..
.............)......P# #..
#..........#.####...## #..
..........### #...P# ##..
#####ยง# ##...####... #D##
#........... ##@.#
###..........
.#####..####.#..........
........................
................>.......
P#..#######.############
### ###


You could see a five-headed hydra and a komodo dragon.

Vanquished Creatures
  2 two-headed ogres
  Psyche (D:8)
  A black mamba (Lair:1)
  Prince Ribbit (D:7)
  2 hippogriffs (D:10)
  9 spriggans (D:9)
  A yak (D:10)
  A basilisk (D:10)
  4 hogs (D:9)
  Grum (Lair:1)
  A human (D:9)
  A hungry ghost (D:8)
  A water moccasin (D:9)
  Duvessa (D:7)
  4 ice beasts
  A porcupine (Lair:1)
  4 sky beasts
  2 black bears
  6 orc warriors
  A hornet zombie (D:9)
  A phantom (D:9)
  A necrophage (D:9)
  3 ogres
  A wolf (Lair:1)
  5 centaurs
  2 crocodiles
  3 big kobolds
  The ghost of myopia the Conjurer, an amateur DECj (D:3)
  5 bullfrogs
  4 scorpions
  Dowan (D:7)
  A killer bee (D:9)
  8 wights (D:10)
  A howler monkey (D:10)
  5 crimson imps
  A jelly (D:9)
  5 hounds
  A bullfrog skeleton (D:7)
  6 orc priests
  8 orc wizards
  Jessica (D:3)
  5 iguanas
  8 worker ants
  A worker ant zombie (D:5)
  A howler monkey skeleton (D:4)
  4 adders
  5 gnolls
  5 shadow imps
  An ooze (D:5)
  A worm (D:3)
  3 dart slugs
  9 leopard geckos
  31 orcs
  A ball python (D:3)
  8 giant cockroaches
  7 goblins
  4 hobgoblins
  10 jackals
  7 quokkas
  2 bats (D:1)
  6 frilled lizards
  22 kobolds
  A quokka skeleton (D:4)
  8 rats
259 creatures vanquished.

Vanquished Creatures (others)
  A fungus (Lair:1)
  3 plants (Lair:1)
4 creatures vanquished.

Grand Total: 263 creatures vanquished

Notes
Turn   | Place    | Note
-------+----------+-------------------------------------------
     0 | D:1      | pk666 the Deep Elf Wizard began the quest for the Orb.
     0 | D:1      | Reached XP level 1. HP: 10/10 MP: 7/7
   232 | D:1      | Reached XP level 2. HP: 15/15 MP: 2/9
  1240 | D:2      | Reached skill level 5 in Spellcasting
  1240 | D:2      | Reached XP level 3. HP: 19/19 MP: 4/11
  1303 | D:2      | Learned a level 2 spell: Blink
  1307 | D:2      | Learned a level 3 spell: Mephitic Cloud
  1311 | D:2      | Learned a level 3 spell: Conjure Flame
  1515 | D:2      | Found a shadowy altar of Dithmenos.
  2423 | D:3      | Reached XP level 4. HP: 24/24 MP: 11/13
  2447 | D:3      | Found an iron altar of Okawaru.
  2489 | D:3      | Reached skill level 1 in Poison Magic
  2517 | D:3      | Found a white marble altar of Elyvilon.
  2520 | D:3      | Noticed Jessica
  2532 | D:3      | Killed Jessica
  2532 | D:3      | Reached skill level 1 in Fire Magic
  2532 | D:3      | Reached skill level 1 in Air Magic
  2682 | D:3      | Noticed myopia's ghost (amateur DECj)
  2996 | D:3      | Reached XP level 5. HP: 28/28 MP: 5/14
  3224 | D:3      | Found a stormy altar of Qazlal.
  3460 | D:3      | Killed myopia's ghost
  3954 | D:4      | Reached XP level 6. HP: 32/32 MP: 6/16
  4725 | D:4      | Found a bloodstained altar of Trog.
  4843 | D:5      | Entered Level 5 of the Dungeon
  5244 | D:5      | Noticed a sky beast
  5381 | D:5      | Killed a sky beast
  5381 | D:5      | Reached skill level 6 in Spellcasting
  5381 | D:5      | Reached XP level 7. HP: 36/36 MP: 11/18
  5439 | D:5      | Found a glowing drain.
  5993 | D:5      | Reached skill level 5 in Dodging
  6769 | D:6      | Found Jeckoko's Book Shoppe.
  6791 | D:6      | Found a staircase to the Ecumenical Temple.
  6802 | Temple   | Entered the Ecumenical Temple
  7057 | D:6      | Reached skill level 7 in Spellcasting
  7057 | D:6      | Reached XP level 8. HP: 29/41 MP: 9/20
  7315 | D:6      | You fall through a shaft for 3 floors!
  7390 | D:8      | Reached skill level 5 in Fire Magic
  7461 | D:8      | Found a deep blue altar of Sif Muna.
  7462 | D:8      | Noticed Psyche
  7463 | D:8      | Found a burning altar of Makhleb.
  7537 | D:8      | Reached skill level 5 in Conjurations
  7548 | D:8      | Noticed a two-headed ogre
  7736 | D:7      | Reached skill level 8 in Spellcasting
  7967 | D:6      | Found a shattered altar of Ashenzari.
  8026 | D:7      | Noticed Dowan
  8035 | D:7      | Noticed Duvessa
  8035 | D:7      | Killed Dowan
  8191 | D:7      | Killed Duvessa
  8289 | D:7      | Noticed Prince Ribbit
  8370 | D:7      | Killed Prince Ribbit
  8879 | D:7      | Found a basalt altar of Yredelemnul.
  8919 | D:7      | Reached XP level 9. HP: 45/45 MP: 9/23
  9022 | D:7      | Found a sacrificial altar of Ru.
  9049 | D:7      | Reached skill level 9 in Spellcasting
  9813 | D:8      | Killed a two-headed ogre
  9813 | D:8      | Reached skill level 10 in Spellcasting
 10441 | D:8      | Found a shattered altar of Ashenzari.
 10451 | D:8      | Found a basalt altar of Yredelemnul.
 10963 | D:9      | Reached XP level 10. HP: 50/50 MP: 26/26
 11827 | D:9      | Reached skill level 11 in Spellcasting
 12494 | D:9      | Found a hazy altar of Hepliaklqana.
 12877 | D:8      | Killed Psyche
 13184 | D:9      | Found a radiant altar of Vehumet.
 13184 | D:9      | Found an opulent altar of Gozag.
 13192 | D:9      | Became a worshipper of Vehumet
 13481 | D:10     | Entered Level 10 of the Dungeon
 13481 | D:10     | Noticed a two-headed ogre
 13504 | D:10     | Killed a two-headed ogre
 13504 | D:10     | Reached XP level 11. HP: 50/54 MP: 21/28
 13796 | D:10     | Found a staircase to the Lair.
 14145 | D:10     | Found a staircase to the Orcish Mines.
 15087 | Lair:1   | Entered Level 1 of the Lair of Beasts
 15479 | D:10     | Reached skill level 12 in Spellcasting
 15505 | D:10     | Reached * piety under Vehumet
 15505 | D:10     | Offered knowledge of Sandblast by Vehumet.
 15979 | D:10     | Learned a level 4 spell: Throw Icicle
 15998 | Lair:1   | Learned a level 2 spell: Slow
 16009 | Lair:1   | Noticed Grum
 16159 | Lair:1   | Killed Grum
 16317 | Lair:1   | Noticed a five-headed hydra
 16325 | Lair:1   | Slain by a five-headed hydra

Skill      XL: |  1  2  3  4  5  6  7  8  9 10 11 |
---------------+----------------------------------+-----
Dodging        | 3 4 5 8 9 |  9.8
Conjurations   | 2 3 4 6 8 9 |  9.7
Spellcasting   | 5 6 7 8 10 11 12 | 12.1
Poison Magic   | 1 2 3 |  3.0
Fire Magic     | 1 2 3 4 6 8 9 |  9.6
Air Magic      | 1 2 |  2.1
Translocations | 3 |  3.3
Stealth        | |  2.4
Summonings     | |  1.1

Action                   |  1- 3 |  4- 6 |  7- 9 | 10-12 || total
-------------------------+-------+-------+-------+-------++-------
Melee: Dagger            |       |     5 |    49 |    40 ||    94
 Cast: Magic Dart        |    94 |   133 |   344 |   537 ||  1108
       Mephitic Cloud    |       |     4 |    29 |    52 ||    85
       Conjure Flame     |       |    10 |    40 |    43 ||    93
       Blink             |       |     1 |     7 |     4 ||    12
       Throw Icicle      |       |       |       |     3 ||     3
       Slow              |       |       |       |     1 ||     1
  Use: Potion            |       |       |     5 |       ||     5
       Scroll            |       |       |       |     6 ||     6
 Stab: Confused          |       |       |     2 |     3 ||     5
  Eat: Chunk             |     4 |     9 |    17 |    16 ||    46
Armor: Robe              |     1 |     4 |    22 |    11 ||    38
Dodge: Dodged            |    15 |    18 |    70 |    75 ||   178
